 Dungeon Crawl Stone Soup version 0.30-a0-571-gdf30a72648 (webtiles) character file.

Game seed: 12129562600683738064

11909 bmack86 the Blocker (level 11, 0/94 HPs)
             Began as a Minotaur Fighter on Dec 29, 2022.
             Was an Elder of Okawaru.
             Killed from afar by an electric eel (5 damage)
             ... with a bolt of electricity
             ... on level 11 of the Dungeon.
             The game lasted 00:36:30 (10530 turns).

bmack86 the Blocker (Minotaur Fighter)             Turns: 10530, Time: 00:36:31

Health: 0/94       AC: 21    Str: 32    XL:     11   Next: 55%
Magic:  0/12       EV:  7    Int:  5    God:    Okawaru [****..]
Gold:   1465       SH: 12    Dex:  9    Spells: 10/10 levels left

rFire   . . .      SeeInvis .    a - +1 war axe (protect)
rCold   . . .      Faith    .    O - +0 kite shield
rNeg    . . .      Spirit   +    x - +0 plate armour
rPois   .          Reflect  .    (helmet restricted)
rElec   .          Harm     .    g - +0 cloak
rCorr   .          Rampage  .    (no gloves)
Will    .....                    L - +1 pair of boots Stlth
                                 v - amulet of guardian spirit
HPRegen 0.35/turn                E - +4 ring of protection
MPRegen 0.13/turn                y - +6 ring of strength

@: very slow
A: horns 2, retaliatory headbutt
a: Renounce Religion, Heroism, Finesse


You were on level 11 of the Dungeon.
You worshipped Okawaru.
Okawaru was greatly pleased with you.
You visited 2 branches of the dungeon, and saw 12 of its levels.
You also visited: Sewer.

You collected 1465 gold pieces.

Inventory:

Hand Weapons
 a - a +1 war axe of protection (weapon)
Missiles
 e - 19 poisoned darts
 h - 3 throwing nets
 I - an atropa-tipped dart
 M - 3 boomerangs (quivered)
Armour
 c - a +0 buckler
 g - a +0 cloak (worn)
 l - a +0 tower shield
 x - a +0 plate armour (worn)
 D - a scarf of invisibility
 L - a +1 pair of boots (worn)
 O - a +0 kite shield (worn)
Jewellery
 k - a ring of see invisible
 v - an amulet of guardian spirit (around neck)
 y - a +6 ring of strength (right hand)
 A - an amulet of regeneration
 E - a +4 ring of protection (left hand)
Wands
 n - a wand of paralysis (6)
 z - a wand of roots (8)
 H - a wand of mindburst (18)
Scrolls
 b - a scroll of blinking
 p - a scroll of torment
 q - 7 scrolls of teleportation
 s - 3 scrolls of amnesia
 t - 2 scrolls of fog
 u - a scroll of brand weapon
 w - 2 scrolls of immolation
 B - a scroll of vulnerability
 G - a scroll of fear
 J - a scroll of enchant weapon
 K - a scroll of magic mapping
 N - a scroll of identify
Potions
 d - a potion of might
 f - 3 potions of mutation
 i - 3 potions of lignification
 j - a potion of curing
 m - a potion of brilliance {unknown}
 o - 4 potions of flight
 r - 4 potions of magic
 C - 2 potions of cancellation
 F - a potion of attraction
 P - a potion of heal wounds


   Skills:
 + Level 7.8 Fighting
 * Level 14.1 Axes
 + Level 5.4 Throwing
 + Level 7.7 Armour
 * Level 14.3 Shields
 + Level 3.1 Invocations


You had 10 spell levels left.
You didn't know any spells.
Your spell library contained the following spells:

 Spells                   Type           Power      Damage    Failure   Level
 Sandblast                Erth           0%         2d4       100%        1
 Blink                    Tloc           0%         N/A       100%        2
 Cigotuvi's Dreadful Rot  Necr/Pois/Air  0%         N/A       100%        2
 Passwall                 Tmut/Erth      0%         N/A       100%        2
 Poisonous Vapours        Pois/Air       0%         N/A       100%        2
 Sublimation of Blood     Necr           0%         N/A       100%        2
 Mephitic Cloud           Conj/Pois/Air  0%         N/A       100%        3
 Stone Arrow              Conj/Erth      0%         3d7       100%        3
 Manifold Assault         Tloc           0%         N/A       100%        4
 Petrify                  Tmut/Erth      0%         N/A       100%        4
 Irradiate                Conj/Tmut      0%         3d11      100%        5
 Metabolic Englaciation   Hex/Ice        0%         N/A       100%        5
 Statue Form              Tmut/Erth      0%         N/A       100%        6
 Storm Form               Tmut/Air       0%         N/A       100%        7
 Maxwell's Capacitive Co  Air            0%         ∞         100%        8
 Summon Lightning Spire   Summ/Air       Unusable   N/A       N/A         4

Dungeon Overview and Level Annotations

Branches:
Dungeon (11/15)            Temple (1/1) D:6            Lair (0/5) D:11
    Orc (0/2) D:9           Sewer (visited)

Altars:
Ashenzari
Cheibriados
Dithmenos
Elyvilon
Fedhas
Gozag
Hepliaklqana
Kikubaaqudgha
Makhleb
Nemelex Xobeh
Okawaru
Qazlal
Ru
Sif Muna
Trog
Uskayaw
Vehumet
Wu Jian
Xom
Yredelemnul
Zin
The Shining One

Shops:
D:9 (

Annotations:
D:3 3 runed translucent doors, bchevrier's ghost, amateur GnWn


Innate Abilities, Weirdness & Mutations

You have a pair of horns on your head.
You reflexively headbutt those who attack you in melee.


Message History

The bolt of electricity hits you!
The electric eel shoots out a bolt of lightning at you!
The bolt of electricity hits you!
The electric eel shoots out a bolt of lightning at you!
The bolt of electricity hits you!
You enter the shallow water.
Moving in this stuff is going to be slow.
The electric eel shoots out a bolt of lightning at you!
The bolt of electricity hits you.
The electric eel shoots out a bolt of lightning at you!
The bolt of electricity hits you!
* * * LOW HITPOINT WARNING * * *
The electric eel shoots out a bolt of lightning at you!
The bolt of electricity hits you but does no damage.
The electric eel shoots out a bolt of lightning at you!
The bolt of electricity hits you.
* * * LOW HITPOINT WARNING * * *
The electric eel shoots out a bolt of lightning at you!
The bolt of electricity hits you.
* * * LOW HITPOINT WARNING * * *
You closely miss the electric eel. You headbutt the electric eel.
The electric eel is lightly wounded.
The electric eel shoots out a bolt of lightning at you!
The bolt of electricity hits you!
* * * LOW HITPOINT WARNING * * *
Your unstable footing causes you to fumble your attack.
The electric eel shoots out a bolt of lightning at you!
The bolt of electricity hits you.
* * * LOW HITPOINT WARNING * * *
Your unstable footing causes you to fumble your attack.
Your unstable footing causes you to fumble your attack.
The electric eel shoots out a bolt of lightning at you!
The bolt of electricity hits you.
* * * LOW HITPOINT WARNING * * *
Your unstable footing causes you to fumble your attack.
You barely miss the electric eel. Your headbutt misses the electric eel.
The electric eel is lightly wounded.
The electric eel shoots out a bolt of lightning at you!
The bolt of electricity hits you!
You die...

#.............~~~~≈~~.
######.....~.~....~≈≈≈≈≈≈.≈
..........~~~..~~~≈≈≈≈≈≈~.
......!......~.~≈≈≈≈≈≈≈≈~≈
##..........~≈~~.~≈~≈~~≈~≈≈
.#.........~≈≈~~~..~.~~.~≈≈
.#.........~~~~≈~......~~≈≈
.#...................>..≈≈~
.#.....##..~~~~~@~≈~...S≈~
.'.....#...../~~S≈...~..≈≈
.#...††#...~~~~≈≈≈~~..≈≈≈
.##...(#....~≈≈~~~~~~≈≈≈~
..#....+.....~≈~..~~~~~~.
###....#.....~.........≈.
......÷##...........~....
.........................
...#####+##..........>...


You could see 2 electric eels.

Vanquished Creatures
  2 two-headed ogres
  A wizard (D:9)
  2 ugly things (D:11)
  An unseen horror (D:10)
  A komodo dragon (D:11)
  A troll (D:11)
  3 hornets
  Prince Ribbit (D:7)
  8 yaks
  3 vampires
  A wraith (D:9)
  2 vampire mosquitoes (D:11)
  3 steam dragons (D:7)
  A water moccasin (D:8)
  6 orc warriors
  A black bear (D:5)
  3 centaurs
  2 wolves (D:11)
  2 phantoms (D:5)
  3 kobold brigands
  4 bullfrogs
  A gnoll sergeant (D:9)
  2 scorpions
  2 necrophages
  5 wights (D:8)
  6 killer bees (D:9)
  An electric eel (D:11)
  2 howler monkeys
  A crimson imp (D:9)
  3 gnoll boudas
  11 hounds
  A jelly (D:6)
  10 orc priests
  3 iguanas
  11 orc wizards
  A mummy (D:6)
  Robin (D:3)
  26 gnolls
  10 adders
  3 river rats (Sewer)
  A shadow imp (D:5)
  3 white imps
  An ufetubus (D:6)
  3 worms
  4 dart slugs
  72 orcs
  13 endoplasms
  7 giant cockroaches
  17 goblins
  11 hobgoblins
  10 jackals
  9 quokkas
  15 ball pythons
  12 bats
  4 frilled lizards
  A hobgoblin zombie (D:6)
  23 kobolds
  2 kobold zombies (D:6)
  An orc zombie (D:6)
  8 rats
368 creatures vanquished.

Notes
Turn   | Place    | Note
-------+----------+-------------------------------------------
     0 | D:1      | bmack86 the Minotaur Fighter began the quest for the Orb.
     0 | D:1      | Reached XP level 1. HP: 19/19 MP: 0/0
    50 | D:1      | Reached XP level 2. HP: 23/27 MP: 1/1
   491 | D:1      | Reached XP level 3. HP: 33/33 MP: 2/2
   875 | D:2      | Identified the +2 long sword of the Protecting Viper
                  | {freeze, rElec rPois MP-9 Int+6}
   920 | D:2      | Reached XP level 4. HP: 37/40 MP: 3/3
  1198 | D:2      | Found a faded altar of an unknown god.
  1403 | D:3      | Noticed Robin
  1430 | D:3      | Killed Robin
  1588 | D:3      | Noticed a necrophage
  1594 | D:3      | Killed a necrophage
  1595 | D:3      | Reached skill level 1 in Throwing
  1595 | D:3      | Reached XP level 5. HP: 40/47 MP: 4/4
  1664 | D:3      | Found a runed translucent gate.
  1664 | D:3      | Found a runed translucent gate.
  1664 | D:3      | Found a runed translucent gate.
  1667 | D:3      | Noticed bchevrier's ghost (amateur GnWn)
  1686 | D:3      | Reached skill level 5 in Shields
  2262 | D:4      | Found a glowing drain.
  2293 | Sewer    | Entered a sewer
  2396 | Sewer    | Reached XP level 6. HP: 53/53 MP: 5/5
  3056 | D:4      | Found a stormy altar of Qazlal.
  3682 | D:4      | Found a glowing golden altar of the Shining One.
  3862 | D:4      | Reached skill level 5 in Fighting
  3864 | D:4      | Reached skill level 5 in Axes
  4020 | D:4      | Reached XP level 7. HP: 31/61 MP: 6/6
  4289 | D:5      | Entered Level 5 of the Dungeon
  4423 | D:5      | Reached skill level 5 in Armour
  4816 | D:5      | Reached XP level 8. HP: 69/70 MP: 7/7
  5479 | D:6      | Reached XP level 9. HP: 72/75 MP: 8/8
  5617 | D:6      | Found a bloodstained altar of Trog.
  5624 | D:6      | Found a shadowy altar of Dithmenos.
  5647 | D:6      | Found a staircase to the Ecumenical Temple.
  5684 | Temple   | Entered the Ecumenical Temple
  5690 | Temple   | Became a worshipper of Warmaster Okawaru
  5960 | D:6      | Identified the +2 dagger of the Dungeon {drain, *Rage Str+3
                  | Int+2 Dex+4}
  6477 | D:7      | Noticed Prince Ribbit
  6508 | D:7      | Killed Prince Ribbit
  6635 | D:7      | Reached * piety under Okawaru
  6849 | D:7      | Identified a scroll of acquirement
  6850 | D:7      | Acquired 719 gold pieces
  7037 | D:8      | Reached XP level 10. HP: 50/84 MP: 4/9
  7056 | D:8      | Reached ** piety under Okawaru
  8065 | D:9      | Found Xuuro's Antique Weapon Boutique.
  8302 | D:9      | Reached skill level 1 in Invocations
  8573 | D:9      | Reached *** piety under Okawaru
  8655 | D:9      | Noticed a wizard
  8661 | D:9      | Killed a wizard
  8739 | D:9      | Found a staircase to the Orcish Mines.
  9037 | D:9      | Received a gift from Okawaru
  9038 | D:9      | Reached XP level 11. HP: 92/92 MP: 11/11
  9197 | D:10     | Entered Level 10 of the Dungeon
  9342 | D:10     | Found a burning altar of Makhleb.
  9473 | D:10     | Noticed a two-headed ogre
  9480 | D:10     | Killed a two-headed ogre
  9481 | D:10     | Reached skill level 5 in Throwing
 10065 | D:11     | Noticed a white ugly thing
 10071 | D:11     | Noticed a red ugly thing
 10076 | D:11     | Killed a white ugly thing
 10084 | D:11     | Killed a red ugly thing
 10087 | D:11     | Reached **** piety under Okawaru
 10095 | D:11     | Received a gift from Okawaru
 10330 | D:11     | Noticed a two-headed ogre
 10343 | D:11     | Killed a two-headed ogre
 10511 | D:11     | Found a staircase to the Lair.
 10530 | D:11     | Killed from afar by an electric eel

Illustrated notes

Levels and vault maps discovered:
D:1:      minmay_arrival_stone_box, layout_rooms, minmay_cupped
D:2:      layout_loops_ring, basic_ecumenical_altar
D:3:      layout_loops_ring, gammafunk_ghost_split, st_stairs_9, uniq_robin
D:4:      layout_loops_ring, nicolae_tso_carved_into_rock, grunt_qazlal_clouds,
          cheibrodos_sewer_entry_sluice
D:5:      layout_basic, solitary_fountain, st_stairs_2
D:6:      layout_cave_pools, amethyst_overflow_temple_binary,
          minmay_temple_entry_arrows, minmay_mini_ossuary
D:7:      cheibrodos_steamvent, layout_cave_pools, uniq_prince_ribbit1
D:8:      layout_basic, special_room [special_room_orc], st_stairs_12,
          nrook_pool_corridor
D:9:      layout_loops_ring, hiddenorc2_lemuel, serial_shops,
          nicolae_shop_stone, lightli_wizard_tower
D:10:     layout_roguey, lightli_temple_of_fire, minmay_misc_feat_encased
D:11:     layout_irregular_city, erik_lair_island, nicolae_trove_entry_columns
Temple:   sentei_temple_godly_chess

Skill      XL: |  1  2  3  4  5  6  7  8  9 10 11 |
---------------+----------------------------------+-----
Axes           | 3 4 5 6 12 13 14 | 14.1
Armour         | 4 5 6 7 |  7.7
Fighting       | 4 5 6 7 |  7.8
Shields        | 4 5 6 7 12 13 14 | 14.3
Throwing       | 1 2 3 4 5 |  5.4
Invocations    | 1 3 |  3.1

Action                   |  1- 3 |  4- 6 |  7- 9 | 10-12 || total
-------------------------+-------+-------+-------+-------++-------
Melee: War axe           |    70 |   196 |   228 |   311 ||   805
       Headbutt          |    15 |    22 |    27 |    50 ||   114
Throw: Dart              |       |     4 |    11 |     9 ||    24
       Boomerang         |       |       |       |    10 ||    10
Invok: Heroism           |       |       |       |    11 ||    11
  Use: Scroll            |     4 |     7 |     9 |     7 ||    27
       Potion            |       |     2 |     1 |     2 ||     5
Armor: Scale mail        |    54 |   144 |       |       ||   198
       Plate armour      |       |    21 |   201 |   204 ||   426
Dodge: Dodged            |    38 |   124 |    86 |    84 ||   332
Block: Buckler           |    16 |    60 |    70 |    70 ||   216
       Kite shield       |       |       |       |    46 ||    46

Table legend: (Time is in decaauts)
 A = Elapsed time spent in this place.
 B = Non-inter-level travel time spent in this place.
 C = Inter-level travel time spent in this place.
 D = Time resting spent in this place.
 E = Time spent auto-exploring this place.
 F = Levels seen in this place.
 G = Mean time per level.
                   A        B        C        D        E       F      G
               +--------+--------+--------+--------+--------+-----+--------+
         Total |  10750 |  10481 |    269 |   1083 |   6085 |  13 |  826.9 |
       Dungeon |   9842 |   9573 |    269 |   1083 |   5736 |  11 |  894.7 |
        Temple |     12 |     12 |      0 |      0 |      0 |   1 |   12.0 |
         Sewer |    895 |    895 |      0 |      0 |    349 |   1 |  895.0 |
               +--------+--------+--------+--------+--------+-----+--------+

Top non-repeatable levels by time:
     D:4: 1358 daAuts
     D:5: 1180 daAuts
     D:8: 1173 daAuts
     D:9: 1105 daAuts
   Sewer: 895 daAuts
     D:3: 848 daAuts
     D:6: 800 daAuts
    D:10: 750 daAuts
     D:1: 750 daAuts
     D:2: 687 daAuts
     D:7: 607 daAuts
    D:11: 579 daAuts
  Temple: 12 daAuts
